AoeStats
← uli2099

Arena

510052550Analyzed
3v3 RM · 4d ago on Sep 29, 2026· 35m 24s· 6 players
Game mode
Random Map
Map size
Normal (6 player)
Population
200
Speed
Normal
Resources
Standard
Victory
Conquest
Starting age
Dark Age
Ending age
Imperial Age
RankedLock teamsTeams togetherTeam positionsShared explorationLock speedFull tech treeHidden civsTurbo modeCheats
Victory
Defeat
🇩🇪 Persians · Germany
1328
+10
🇹🇼 Teutons · Taiwan
1261
+12
🇨🇳 Burgundians · China
1261
+12
🇮🇳 Burgundians · India
1205
-12
1180
-11
🇮🇳 Shu · India
1162
-11
Guojiel
9:40 Feudal Age
7:56 Loom
23:24 Castle Age
21:24 Double-Bit Axe
21:20 Horse Collar
24:30 Wheelbarrow
31:16 Fortified Wall
36:05 Imperial Age
34:11 Forging
34:06 Scale Barding Armor
33:54 Town Watch
34:28 Hand Cart
33:58 Town Watch
34:33 Gold Mining
34:35 Stone Mining
34:57 Bow Saw
34:49 Heavy Plow
36:12 Bloodlines
uli2099
11:02 Feudal Age
14:38 Castle Age
12:27 Double-Bit Axe
13:06 Horse Collar
15:29 Bow Saw
16:25 Heavy Plow
18:24 Loom
22:58 Wheelbarrow
25:20 Hand Cart
25:12 Gold Mining
25:13 Stone Mining
27:28 Gold Shaft Mining
27:31 Stone Shaft Mining
31:38 Imperial Age
31:09 Forging
31:42 Scale Barding Armor
32:36 Conscription
33:31 Two-Man Saw
33:03 Crop Rotation
34:58 Chain Barding Armor
35:14 Iron Casting
34:06 Elite War Elephant
36:31 Plate Barding Armor
国产男子汉
3:22 Double-Bit Axe
7:05 Horse Collar
11:44 Feudal Age
15:19 Castle Age
13:55 Bow Saw
14:27 Heavy Plow
16:14 Loom
19:21 Wheelbarrow
18:58 Gold Mining
21:16 Forging
21:07 Scale Mail Armor
23:29 Hand Cart
25:01 Iron Casting
25:18 Arson
30:54 Chain Mail Armor
33:13 Imperial Age
31:34 Hand Cart
32:28 Two-Man Saw
32:17 Iron Casting
31:38 Town Watch
34:46 Gold Shaft Mining
34:04 Stone Mining
33:54 Capped Ram
35:13 Plate Mail Armor
35:45 Blast Furnace
35:31 Treadmill Crane
35:56 Squires
Slow Walking Champi Warrior
10:29 Feudal Age
14:59 Castle Age
13:54 Stone Mining
15:18 Double-Bit Axe
16:24 Loom
17:16 Gold Mining
34:47 Imperial Age
33:43 Scale Mail Armor
Aaaaaaah Do
4:21 Double-Bit Axe
7:56 Horse Collar
13:10 Feudal Age
12:19 Gold Mining
12:59 Loom
19:11 Castle Age
17:11 Arson
17:53 Bow Saw
19:15 Cavalier
20:32 Husbandry
23:24 Heavy Plow
25:59 Scale Barding Armor
26:05 Forging
28:50 Two-Man Saw
28:52 Wheelbarrow
30:06 Hand Cart
32:15 Gold Shaft Mining
33:36 Chain Barding Armor
33:51 Iron Casting
olais
11:41 Feudal Age
16:02 Castle Age
14:22 Double-Bit Axe
14:23 Horse Collar
19:21 Scale Mail Armor
19:33 Forging
30:31 Loom
Connection lost

Rejoining the realm…

Still unreachable

The connection could not be restored.

Session expired

The server has moved on; the page needs a fresh start.